 Dungeon Crawl Stone Soup version 0.28-a0-1555-g9ae15a6949 (webtiles) character file.

Game seed: 4164317012416436301

57 HallandMoats the Skirmisher (level 4, -2/40 HPs)
             Began as a Ghoul Monk on Jan 19, 2022.
             Killed by an exploding orc (31 damage)
             ... ignited by their inner flame
             ... on level 2 of the Dungeon.
             The game lasted 00:05:22 (1469 turns).

HallandMoats the Skirmisher (Ghoul Monk)            Turns: 1469, Time: 00:05:23

Health: -2/40      AC: 10    Str: 16    XL:     4   Next: 0%
Magic:  3/3        EV:  4    Int:  5    God:
Gold:   24         SH:  3    Dex: 11    Spells: 3/3 levels left

rFire   . . .      SeeInvis .     - Unarmed
rCold   + . .      Faith    .   g - +0 buckler
rNeg    + + +      Spirit   .   h - +0 plate armour
rPois   ∞          Reflect  .   (no helmet)
rElec   .          Harm     .   (no cloak)
rCorr   .          Rampage  .   (no gloves)
Will    .....                   (no boots)
Stlth   ..........              (no amulet)
HPRegen 0.00/turn               (no ring)
MPRegen 0.08/turn               (no ring)

@: inhibited regen
A: claws 1, cold resistance 1, negative energy resistance 3, inhibited
regeneration, torment resistance 2
a: no special abilities


You were on level 2 of the Dungeon.
You visited 1 branch of the dungeon, and saw 2 of its levels.

You collected 24 gold pieces.

Inventory:

Armour
 g - a +0 buckler (worn)
 h - a +0 plate armour (worn)
 k - a +1 cloak
Scrolls
 a - 2 scrolls of identify
 c - a scroll of noise
 e - a scroll of vulnerability
 j - a scroll of magic mapping {unknown}
Potions
 b - a potion of curing {unknown}
 d - a potion of heal wounds {unknown}
 i - a potion of brilliance {unknown}


   Skills:
 * Level 4.2 Fighting
 + Level 1.2 Armour
 + Level 3.1 Dodging
 - Level 2.1 Stealth
 + Level 0.6 Shields
 - Level 3.2 Unarmed Combat


You had 3 spell levels left.
You didn't know any spells.
Your spell library was empty.

Dungeon Overview and Level Annotations

Branches:
Dungeon (2/15)

Altars:

Shops:
D:2 (


Innate Abilities, Weirdness & Mutations

You thrive by killing the living.
You are immune to poison.
You have sharp fingernails.
Your flesh is cold resistant. (rC+)
You are immune to negative energy. (rN+++)
You do not regenerate when monsters are visible.
You are immune to unholy pain and torment.


Message History

An orc comes into view. It is wielding a +0 club.
The orc shouts! 2 orcs come into view.
The orc shouts!
You scratch the orc.
The orc is lightly wounded.
The orc hits you with a +0 club.
You barely miss the orc.
The orc is lightly wounded.
The orc hits you with a +0 club.
You claw the orc!
You kill the orc!
You feel better.
An orc wizard comes into view. It is wielding a +0 dagger.
You have reached level 4!
As you read the scroll of identify, it crumbles to dust.
e - a scroll of vulnerability The orc wizard shouts!
The orc wizard casts a spell.
The orc wizard flickers and vanishes!
Deactivating autopickup; reactivate with Ctrl-A.
As you read the scroll of identify, it crumbles to dust.
f - a scroll of immolation
Okay, then.
Really read the scroll of immolation?
As you read the scroll of immolation, it crumbles to dust.
The creatures around you are filled with an inner flame!
The orc hits you but does no damage.
You scratch the orc but do no damage. You block the orc's attack.
You scratch the orc but do no damage. The orc hits you but does no damage.
The orc hits you with a +0 short sword.
You scratch the orc but do no damage. The orc hits you but does no damage.
You scratch the orc but do no damage. The orc barely misses you.
You claw the orc!
The orc explodes!
The fiery explosion engulfs something!!
You feel better.
Reactivating autopickup.
You feel a bit more experienced. The fiery explosion engulfs you!!
Ouch! That really hurt!
You die...

###.# #####........
#.### ........
###...#..# .......
#.......# #......
..#####.# #...... .##
#.###.....o# ##
#..#...#.#§# #
#...#...#§# ####
#...#..##@# ..
...######†....##.###....
##...........##.........
#####..........†.###...!
......###......†..# ##
.........>....##.......
......#..####.##..#.##.
........## #.##....#
......### ...#.#..#


You could see an orc (inner flame).

Vanquished Creatures
  Natasha (D:2)
  An orc wizard (D:2)
  2 orcs (D:2)
  3 bats
  3 endoplasms
  2 giant cockroaches (D:2)
  A goblin (D:1)
  6 hobgoblins
  A quokka (D:1)
  3 ball pythons
  4 frilled lizards
  A kobold (D:1)
  3 rats (D:1)
31 creatures vanquished.

Notes
Turn   | Place    | Note
-------+----------+-------------------------------------------
     0 | D:1      | HallandMoats the Ghoul Monk began the quest for the Orb.
     0 | D:1      | Reached XP level 1. HP: 19/19 MP: 0/0
   425 | D:1      | Reached XP level 2. HP: 26/26 MP: 1/1
  1110 | D:2      | Found Huostriw's Antique Weapon Shop.
  1195 | D:2      | Noticed Natasha
  1352 | D:2      | Reached skill level 4 in Fighting
  1352 | D:2      | Reached XP level 3. HP: 30/33 MP: 2/2
  1365 | D:2      | Reached skill level 1 in Armour
  1377 | D:2      | Killed Natasha
  1462 | D:2      | Reached XP level 4. HP: 27/40 MP: 3/3
  1469 | D:2      | Killed by an exploding orc... ignited by their inner flame

Illustrated notes

Levels and vault maps discovered:
D:1:      zelgadis_glass_arrival_small, layout_basic
D:2:      layout_rooms, serial_shops, shop_fountains, uniq_natasha

Skill      XL: |  1  2  3 |
---------------+----------+-----
Fighting       | 4 |  4.2
Dodging        | 3 |  3.1
Armour         | 1 |  1.2
Stealth        | |  2.1
Shields        | |  0.6
Unarmed Combat | |  3.2

Action                   |  1- 3 |  4- 6 || total
-------------------------+-------+-------++-------
Melee: Unarmed           |   111 |     5 ||   116
  Use: Scroll            |     1 |     3 ||     4
Armor: Ring mail         |    16 |       ||    16
       Plate armour      |    22 |     3 ||    25
Dodge: Dodged            |    54 |     1 ||    55
Block: Buckler           |     4 |     1 ||     5

Table legend: (Time is in decaauts)
 A = Elapsed time spent in this place.
 B = Non-inter-level travel time spent in this place.
 C = Inter-level travel time spent in this place.
 D = Time resting spent in this place.
 E = Time spent auto-exploring this place.
 F = Levels seen in this place.
 G = Mean time per level.
                   A        B        C        D        E       F      G
               +--------+--------+--------+--------+--------+-----+--------+
         Total |   1464 |   1390 |     74 |      0 |   1128 |   2 |  732.0 |
       Dungeon |   1464 |   1390 |     74 |      0 |   1128 |   2 |  732.0 |
               +--------+--------+--------+--------+--------+-----+--------+

Top non-repeatable levels by time:
     D:1: 1106 daAuts
     D:2: 358 daAuts
